Map: Automaton LE

Players

ViBE

  • Race: Protoss Protoss
  • League: Silver
  • Spawn Location: 3:00

padrote - Winner!

  • Race: Terran Terran
  • League: Silver
  • Spawn Location: 9:00

VOD

https://www.youtube.com/watch?v=aEEDOJVUlXk&t=1887s

Description

Time

  • Played on: Nov. 28, 2018, 1:28 a.m.
  • Length: 11:41
Show
View Real Time Build Order
Export as new Build Order

ViBE Protoss 

Build Orders:  

Get SALT Encoding   

  12  0:00  Probe  
  13  0:12  Probe  
  14  0:18  Pylon  
  14  0:27  Probe  
  15  0:38  Probe  
  15  0:40  Gateway  
  16  0:46  Probe  
  16  0:54  Probe  
  16  0:55  Assimilator  
  18  1:05  Probe  
  19  1:13  Probe  
  19  1:15  Pylon  
  20  1:21  Probe  
  20  1:31  Probe, Cybernetics Core  
  21  1:35  Assimilator  
  23  1:51  Gateway  
  23  1:57  Stalker  
  23  2:00  Pylon  
  24  2:10  Shield Battery  
  24  2:13  Shield Battery  
  24  2:16  Shield Battery  
  24  2:27  Stalker  
  26  2:33  Warp Gate  
  26  2:42  Stalker  
  28  2:47  Robotics Facility  
  28  2:48  Probe  
  29  3:07  Sentry  
  31  3:19  Nexus  
  31  3:25  Pylon  
  31  3:28  Stalker  
  33  3:37  Immortal  
  37  4:03  Probe  
  38  4:10  Pylon  
  38  4:16  Immortal  
  38  4:29  Probe  
  39  4:38  Probe x2  
  39  4:39  Stalker x2  
  45  4:52  Probe x2  
  47  5:06  Stalker x2  
  51  5:09  Probe, Immortal  
  51  5:10  Probe  
  57  5:22  Probe  
  58  5:34  Pylon  
  58  5:36  Pylon  
  58  5:43  Probe x2  
  60  5:50  Assimilator  
  60  5:55  Probe x2  
  62  6:01  Robotics Bay  
  62  6:07  Probe  
  62  6:08  Probe  
  64  6:15  Shield Battery x2  
  64  6:18  Shield Battery, Sentry x2  
  64  6:23  Probe x2  
  70  6:27  Assimilator  
  70  6:36  Protoss Ground Weapons Level 1  
  70  6:39  Forge  
  70  6:40  Colossus  
  70  6:42  Twilight Council  
  70  6:44  Probe x2  
  78  6:56  Probe  
  78  6:59  Extended Thermal Lance  
  79  7:08  Probe  
  80  7:18  Nexus  
  80  7:20  Probe  
  81  7:35  Pylon  
  81  7:38  Pylon  
  81  7:49  Colossus  
  81  7:54  Pylon  
  81  7:55  Pylon x2  
  87  8:18  Probe  
  88  8:22  Protoss Ground Weapons Level 2  
  88  8:24  Stalker x2  
  92  8:28  Gateway  
  92  8:30  Gateway  
  92  8:32  Gateway  
  92  8:36  Colossus  
  92  8:38  Probe  
  92  8:39  Probe x2  
  101  8:56  Assimilator  
  101  8:57  Assimilator  
  101  9:02  Charge  
  101  9:08  Gateway  
  101  9:09  Gateway  
  101  9:14  Gateway  
  101  9:16  Probe x3  
  104  9:27  Templar Archives  
  104  9:30  Forge, Protoss Ground Armor Level 1  
  104  9:31  Zealot x4  
  104  9:32  Zealot  
  104  9:37  Pylon  
  114  9:54  Probe x2  
  116  10:06  High Templar x2, Probe x2  
  116  10:07  High Templar x2  
  124  10:08  High Templar x3  
  124  10:11  High Templar  
  134  10:15  Archon x3  
  134  10:16  Archon  
  134  10:20  Pylon  
  134  10:21  Pylon  
  134  10:24  Pylon  
  134  10:31  Colossus  
  140  10:43  Zealot x8  
Show
View Real Time Build Order
Export as new Build Order

padrote Terran - Winner!

Build Orders:  

Get SALT Encoding   

  12  0:01  SCV  
  13  0:13  SCV  
  14  0:22  Supply Depot  
  14  0:25  SCV  
  15  0:43  SCV  
  16  1:02  Barracks  
  16  1:05  Barracks  
  16  1:06  SCV  
  17  1:13  Supply Depot  
  17  1:20  SCV  
  18  1:32  SCV  
  19  1:45  SCV  
  20  1:49  Marine  
  21  1:54  Bunker, Marine  
  21  1:57  Barracks  
  22  2:04  SCV  
  22  2:07  Marine  
  24  2:11  Supply Depot  
  24  2:12  Marine  
  25  2:25  Marine, Barracks  
  26  2:30  Marine  
  28  2:43  Marine  
  28  2:45  Orbital Command  
  28  2:47  Marine  
  28  2:48  Marine  
  30  2:58  Bunker  
  30  3:01  Marine  
  30  3:05  Marine  
  31  3:06  Marine  
  31  3:12  Marine  
  34  3:18  Barracks  
  34  3:19  Marine  
  35  3:25  Supply Depot  
  35  3:28  Supply Depot  
  35  3:38  Marine x4  
  39  4:06  Marine x5  
  44  4:23  Marine  
  44  4:24  Marine x4  
  31  4:41  Marine x2  
  31  4:42  Marine x3  
  36  4:54  Barracks  
  36  4:59  Marine x4  
  40  5:09  Bunker  
  40  5:13  Marine  
  41  5:17  Marine x4  
  45  5:31  Command Center, Marine  
  45  5:34  Refinery  
  45  5:35  Marine x2  
  48  5:42  Marine x2  
  50  6:05  Refinery  
  49  6:26  Marine x3  
  52  6:38  SCV  
  53  6:46  Orbital Command  
  51  6:55  Factory  
  51  6:58  SCV  
  52  7:08  Barracks Tech Lab, Barracks Reactor  
  52  7:09  Barracks Reactor  
  52  7:17  Command Center, SCV x2  
  54  7:26  Refinery  
  54  7:29  SCV, Stimpack  
  56  7:30  SCV  
  56  7:39  Factory Tech Lab  
  51  8:00  Siege Tank  
  51  8:03  Marauder  
  51  8:04  Marine x3  
  51  8:05  Marine x4  
  62  8:11  Supply Depot  
  62  8:12  Supply Depot  
  62  8:20  Starport  
  62  8:22  Marine x4  
  62  8:25  Marauder  
  68  8:35  SCV  
  68  8:36  Orbital Command, SCV  
  70  8:48  SCV x2  
  72  9:00  SCV x2  
  74  9:07  Siege Tank  
  74  9:08  Starport Reactor  
  77  9:11  Barracks Reactor  
  77  9:20  SCV x3  
  80  9:24  Marine  
  80  9:25  Marine x2  
  80  9:26  Marauder, Marine  
  86  9:43  Siege Tank  
  89  9:48  Medivac  
  89  9:49  Barracks Reactor x2  
  91  9:58  Refinery  
  91  10:03  Refinery, SCV x3  
  91  10:04  Refinery  
  94  10:07  Starport  
  94  10:15  Barracks  
  94  10:17  SCV x3  
  94  10:18  Barracks  
  97  10:39  SCV  
  97  10:40  Marine, SCV x2  
  101  11:03  Marine  
  101  11:04  Marine x2  
Tags
 
Add a new tag
Caveats
  • Supply blocks, unpowered buildings, or Contaminate may cause inaccurate times.
  • Supply counts are checked every 10 seconds.